 Dungeon Sprint DCSS version 0.31-a0-1549-g5ff9445e89 (webtiles) character file.

Game seed: 1545849317320711158

5905 dialectric the Ninja (level 10, -1/45 (56) HPs)
             Began as a Spriggan Brigand on Jan 2, 2024.
             Was a High Priest of Dithmenos.
             Slain by a demonic crawler (15 damage)
             ... in the Dungeon (Sprint I: "Red Sonja").
             The game lasted 00:04:35 (562 turns).

dialectric the Ninja (Spriggan Brigand)              Turns: 562, Time: 00:04:36

HP:   -1/45 (56)    AC:  5    Str:  7    XL:     10   Next: 53%
MP:   11/11         EV: 26    Int: 13    God:    Dithmenos [*****.]
Gold: 667           SH:  0    Dex: 21    Spells: 9/9 levels left

rFire   . . .        b - +3 dagger
rCold   . . .        (no shield)
rNeg    + . .        m - +2 robe {rN+}
rPois   .            (helmet restricted)
rElec   .            c - +0 cloak
rCorr   .            (gloves unavailable)
SInv    +            (boots unavailable)
Will    +....        (no amulet) Stlth *******+++
                     o - ring of Shadows {Umbra +Inv Stlth+}
HPRegen 0.27/turn    (no ring)
MPRegen 0.12/turn

%: no teleportation
@: very slightly contaminated, wreathed by umbra, heavily drained, very quick
A: very small, no large weapons, unfitting armour, see invisible, speed 3
a: Renounce Religion, Evoke Invisibility, Shadow Step, Shadow Form


You were in the Dungeon.
You worshipped Dithmenos.
Dithmenos was extremely pleased with you.
You visited 1 branch You collected 1107 gold pieces.
You spent 440 gold pieces at shops.

Inventory:

Hand Weapons
 a - a +2 dagger
 b - a +3 dagger (weapon)
 g - a +0 short sword of venom
 n - a +0 dagger of venom
Missiles
 d - 9 poisoned darts
 e - 5 curare-tipped darts (quivered)
Armour
 c - a +0 cloak (worn)
 m - a +2 robe of positive energy (worn)
Jewellery
 o - the ring of Shadows (left hand) {Umbra +Inv Stlth+}
   (You bought it in a shop in the Dungeon)

   [ring of stealth]

   Umbra:     It surrounds you with an aura of shadow, increasing your stealth
   and reducing the accuracy of all others within it.
   +Inv:      It lets you turn invisible.
   Stlth+:    It makes you more stealthy.
Scrolls
 j - a scroll of amnesia {unknown}
 k - a scroll of blinking
Potions
 f - 4 potions of curing
 h - a potion of haste
 i - 2 potions of magic
 l - a potion of lignification {unknown}


   Skills:
 + Level 8.2 Fighting
 + Level 12.2 Short Blades
 - Level 2.5 Throwing
 + Level 10.8 Dodging
 O Level 27 Stealth
 - Level 7.1 Evocations


You had 9 spell levels left.
You didn't know any spells.
Your spell library was empty.

Dungeon Overview and Level Annotations

Branches:
Dungeon (1/1)

Altars:
Cheibriados
Dithmenos
Elyvilon
Fedhas
Gozag
Hepliaklqana
Kikubaaqudgha
Makhleb
Nemelex Xobeh
Okawaru
Qazlal
Ru
Sif Muna
Trog
Uskayaw
Vehumet
Wu Jian
Xom
Yredelemnul
Zin
The Shining One
Jiyva
Lugonu

Shops:
D =*[


Innate Abilities, Weirdness & Mutations

You are very small and have problems with some larger weapons.
You are too small for most types of armour.
You have supernaturally acute eyesight. (SInv)
You cover ground extremely quickly. (Speed+++)


Message History

4 demonic crawlers come into view.
The demonic crawler gives a hideous shriek! x4
The demonic crawler closely misses you.
The demonic crawler hits you but does no damage.
The demonic crawler misses you. x3
The demonic crawler completely misses you.
There is an open door here.
You hit the demonic crawler but do no damage.
The demonic crawler misses you.
The demonic crawler completely misses you.
The demonic crawler barely misses you.
Unknown command.
The demonic crawler attacks as it pursues you!
The demonic crawler completely misses you.
The demonic crawler hits you! The demonic crawler barely misses you.
There is an open door here.
There is an open door here.
There is an open door here.
There is an open door here.
You flicker for a moment.
There is an ornate altar of the Wu Jian Council here.
There is a radiant altar of Vehumet here.
There is an open door here.
You flicker back into view.
There is an open door here.
The demonic crawler gives a hideous shriek!
There is an open door here.
You hit the demonic crawler but do no damage.
Your shadow hits the demonic crawler but does no damage.
Unknown command.
The demonic crawler attacks as it pursues you!
The demonic crawler misses you. The demonic crawler hits you!
You emit a cloud of dark smoke.
The demonic crawler completely misses you.
There is an open door, spattered with blood here.
The demonic crawler gives a hideous shriek!
You puncture the demonic crawler!
The demonic crawler is lightly wounded.
The demonic crawler closely misses you. The demonic crawler hits you!
You die...

####'#####'#__####[..ss.#
###..#...#.####.[#####..+
__####..##s#§~~§.#..# +##
_____##'#_.+§~§.§'§§#
_.∩..÷'..._#§~~§)#§.#
_..__##_s#'##§#####'###
_____###'#[#....###.'.#
########.####'###§###.#
......'..s'.s.ss@§§##.#
+++####...###########.#
....####.###.......##†#
..G..#.#'#.#.......§+.#
..G..#.....#+..######†#
..G..#..(..# .....§§#.#
..#..####### #§.# ....G#
#### .....#


You could see 4 demonic crawlers.

Vanquished Creatures
  2 centaur warriors (D)
  A deep troll (D)
  3 shining eyes (D)
  An oklob plant (D)
  An unseen horror (D)
  2 kobold demonologists (D)
  4 glass eyes (D)
  A slime creature (D)
  Sigmund (D)
  A yak (D)
  2 redbacks (D)
  An ogre (D)
  2 jellies (D)
  Ijyb (D)
  2 ballistomycete spores (D)
25 creatures vanquished.

Vanquished Creatures (collateral kills)
  A jelly (D)
1 creature vanquished.

Vanquished Creatures (others)
  Sonja (D)
  An unseen horror (D)
  A hornet (D)
3 creatures vanquished.

Grand Total: 29 creatures vanquished

Notes
Turn   | Place    | Note
-------+----------+-------------------------------------------
     0 | D        | dialectric the Spriggan Brigand began the quest for the
                  | Orb.
     0 | D        | Reached XP level 1. HP: 10/10 MP: 2/2
     2 | D        | Noticed Ijyb
     4 | D        | Killed Ijyb
     5 | D        | Reached skill level 9 in Stealth
     5 | D        | Reached XP level 2. HP: 15/15 MP: 3/3
     9 | D        | Noticed an ogre
    11 | D        | Killed an ogre
    12 | D        | Reached skill level 13 in Stealth
    12 | D        | Reached XP level 3. HP: 19/19 MP: 4/4
    12 | D        | Reached XP level 4. HP: 23/23 MP: 5/5
    14 | D        | Noticed Sigmund
    20 | D        | Killed Sigmund
    21 | D        | Reached skill level 5 in Short Blades
    21 | D        | Reached skill level 16 in Stealth
    21 | D        | Reached XP level 5. HP: 28/28 MP: 6/6
    63 | D        | Found a shimmering blue altar of Sif Muna.
    64 | D        | Found an ornate altar of the Wu Jian Council.
    65 | D        | Found a radiant altar of Vehumet.
    70 | D        | Reached skill level 17 in Stealth
    70 | D        | Reached XP level 6. HP: 32/32 MP: 7/7
    83 | D        | Found Ciutewky's Assorted Antiques.
    83 | D        | Found an ancient bone altar of Kikubaaqudgha.
    83 | D        | Found a hazy altar of Hepliaklqana.
    83 | D        | Found a hide-covered altar of Uskayaw.
    83 | D        | Found a basalt altar of Yredelemnul.
    83 | D        | Found an opulent altar of Gozag.
    83 | D        | Found a snail-covered altar of Cheibriados.
    83 | D        | Found a sacrificial altar of Ru.
    83 | D        | Found a shadowy altar of Dithmenos.
    83 | D        | Noticed a yak
    84 | D        | Found a stormy altar of Qazlal.
    84 | D        | Found a blossoming altar of Fedhas.
    84 | D        | Found a bloodstained altar of Trog.
    84 | D        | Found an iron altar of Okawaru.
    84 | D        | Found a glowing golden altar of the Shining One.
    84 | D        | Found a glowing silver altar of Zin.
    84 | D        | Found a white marble altar of Elyvilon.
    85 | D        | Killed a yak
    86 | D        | Reached skill level 19 in Stealth
    86 | D        | Found a sparkling altar of Nemelex Xobeh.
    92 | D        | Became a worshipper of Dithmenos the Shadowed
   121 | D        | Found a burning altar of Makhleb.
   121 | D        | Found a shimmering altar of Xom.
   121 | D        | Noticed a slime creature
   122 | D        | Found a viscous altar of Jiyva.
   122 | D        | Found a corrupted altar of Lugonu.
   124 | D        | Killed a slime creature
   125 | D        | Reached skill level 20 in Stealth
   125 | D        | Reached XP level 7. HP: 37/37 MP: 8/8
   138 | D        | Noticed a kobold demonologist
   139 | D        | Noticed a glass eye
   139 | D        | Noticed a kobold demonologist
   141 | D        | Killed a glass eye
   142 | D        | Reached skill level 21 in Stealth
   142 | D        | Killed a kobold demonologist
   142 | D        | Reached * piety under Dithmenos
   143 | D        | Reached skill level 22 in Stealth
   143 | D        | Reached XP level 8. HP: 42/42 MP: 9/9
   144 | D        | Killed a kobold demonologist
   145 | D        | Reached skill level 23 in Stealth
   170 | D        | Noticed Sonja
   180 | D        | Noticed a deep troll
   184 | D        | Killed a deep troll
   185 | D        | Reached skill level 25 in Stealth
   185 | D        | Reached skill level 1 in Evocations
   217 | D        | Noticed a centaur warrior
   220 | D        | Noticed a centaur warrior
   222 | D        | Killed a centaur warrior
   222 | D        | Reached ** piety under Dithmenos
   223 | D        | Reached skill level 5 in Fighting
   223 | D        | Reached skill level 5 in Dodging
   223 | D        | Reached skill level 26 in Stealth
   223 | D        | Reached XP level 9. HP: 25/47 MP: 10/10
   232 | D        | Killed a centaur warrior
   233 | D        | Reached skill level 27 in Stealth
   239 | D        | Your ally Sonja died
   248 | D        | Noticed an oklob plant
   250 | D        | Killed an oklob plant
   257 | D        | Reached *** piety under Dithmenos
   258 | D        | Reached skill level 10 in Short Blades
   270 | D        | Noticed an unseen horror
   271 | D        | Noticed an unseen horror
   273 | D        | Reached skill level 5 in Evocations
   276 | D        | Reached XP level 10. HP: 26/53 MP: 11/11
   301 | D        | Reached **** piety under Dithmenos
   403 | D        | Found Suwiheor's Armour Emporium.
   466 | D        | Found Xito's Jewellery Boutique.
   474 | D        | Bought the ring of Shadows {Umbra +Inv Stlth+} for 440 gold
                  | pieces
   474 | D        | Found the ring of Shadows {Umbra +Inv Stlth+}
   478 | D        | Noticed a shining eye
   478 | D        | Noticed a shining eye
   478 | D        | Noticed a shining eye
   479 | D        | Noticed a shining eye
   479 | D        | Noticed a shining eye
   479 | D        | Noticed a shining eye
   481 | D        | Noticed a shining eye
   481 | D        | Noticed a shining eye
   482 | D        | Killed a shining eye
   485 | D        | Killed a shining eye
   486 | D        | Reached skill level 10 in Dodging
   487 | D        | Reached ***** piety under Dithmenos
   489 | D        | Killed a shining eye
   526 | D        | Noticed a demonic crawler
   526 | D        | Noticed a demonic crawler
   526 | D        | Noticed a demonic crawler
   526 | D        | Noticed a demonic crawler
   562 | D        | Slain by a demonic crawler

Illustrated notes

Levels and vault maps discovered:
D:        dungeon_sprint_1 [red_sonja_temple_1, red_sonja_temple_small_1]

Skill      XL: |  1  2  3  4  5  6  7  8  9 10 |
---------------+-------------------------------+-----
Fighting       | 2 3 4 5 6 8 |  8.2
Stealth        | 9 13 16 17 20 22 26 27 | 27.0
Short Blades   | 3 5 6 7 8 10 12 | 12.2
Dodging        | 2 3 5 8 10 | 10.8
Evocations     | 2 5 7 |  7.1
Throwing       | |  2.5

Action                     |  1- 3 |  4- 6 |  7- 9 | 10-12 || total
---------------------------+-------+-------+-------+-------++-------
  Melee: Dagger            |     2 |     6 |    17 |    19 ||    44
  Throw: Dart              |       |     2 |       |     5 ||     7
Ability: Evoke Invisibilit |       |       |       |     1 ||     1
  Evoke: Wand              |       |       |     5 |       ||     5
    Use: Potion            |       |       |     2 |     1 ||     3
   Stab: Sleeping          |     2 |     3 |     9 |     6 ||    20
         Distracted        |       |       |       |     1 ||     1
 Armour: Robe              |       |       |    11 |    13 ||    24
  Dodge: Dodged            |       |     2 |    23 |    22 ||    47

Table legend: (Time is in decaauts)
 A = Elapsed time spent in this place.
 B = Non-inter-level travel time spent in this place.
 C = Inter-level travel time spent in this place.
 D = Time resting spent in this place.
 E = Time spent auto-exploring this place.
 F = Levels seen in this place.
 G = Mean time per level.
                   A        B        C        D        E       F      G
               +--------+--------+--------+--------+--------+-----+--------+
         Total |    421 |    421 |      0 |     62 |      0 |   1 |  421.0 |
       Dungeon |    421 |    421 |      0 |     62 |      0 |   1 |  421.0 |
               +--------+--------+--------+--------+--------+-----+--------+

Top non-repeatable levels by time:
       D: 421 daAuts
